 Dungeon Crawl Stone Soup version 0.21.0-3-g78d12a8 (webtiles) character file.

938 Mefis the Magician (level 7, -8/36 HPs)
             Began as a Deep Elf Wizard on Jan 9, 2018.
             Killed by divine providence
             ... invoked by an orc priest
              (14 damage)
             ... on level 6 of the Dungeon.
             The game lasted 00:13:56 (7631 turns).

Mefis the Magician (Deep Elf Wizard)                Turns: 7631, Time: 00:13:57

Health: -8/36      AC:  3    Str:  4    XL:     7   Next: 87%
Magic:  0/18       EV: 14    Int: 25    God:
Gold:   209        SH:  0    Dex: 13    Spells: 6/19 levels left

rFire    . . .     SeeInvis .   u - +1 spear (freeze)
rCold    . . .     Gourm    .   (no shield)
rNeg     . . .     Faith    +   a - +0 robe
rPois    .         Spirit   .   q - +0 helmet
rElec    .         Reflect  .   (no cloak)
rCorr    .         Harm     .   (no gloves)
MR       .....                  (no boots)
Stlth    +++.......             k - amulet of faith
HPRegen  0.12/turn              (no ring)
MPRegen  0.16/turn              (no ring)

@: no status effects
A: no striking features
a: no special abilities


You were on level 6 of the Dungeon.
You were not hungry.

You visited 1 branch of the dungeon, and saw 6 of its levels.

You collected 209 gold pieces.

Inventory:

Hand Weapons
 f - a +0 dagger
 l - a +0 spear
 r - a +0 hunting sling
 u - a +1 spear of freezing (weapon)
Missiles
 h - 16 sling bullets
Armour
 a - a +0 robe (worn)
 b - a +0 hat
 q - a +0 helmet (worn)
Jewellery
 k - an amulet of faith (around neck)
 y - an uncursed ring of magical power {unknown}
Wands
 o - a wand of random effects (20)
 t - a wand of flame (33)
 z - a wand of digging (11)
 A - a wand of paralysis (7)
Scrolls
 e - 3 scrolls of teleportation
 g - 6 scrolls of identify {unknown}
 j - 3 scrolls of random uselessness {unknown}
 m - 3 scrolls of amnesia
 n - 2 scrolls of remove curse {unknown}
 v - a scroll of enchant armour {unknown}
Potions
 i - a potion of curing
 p - 2 potions of flight {unknown}
 s - a potion of invisibility {unknown}
 w - 2 potions of haste
 x - a potion of might {unknown}
Books
 c - a book of Minor Magic

   Spells                             Type                      Level
   a - Magic Dart                     Conjuration                  1
   b - Blink                          Translocation                2
   c - Call Imp                       Summoning                    2
   d - Slow                           Hexes                        2
   e - Conjure Flame                  Conjuration/Fire             3
   f - Mephitic Cloud                 Conjuration/Poison/Air       3
 C - a book of Battle

   Spells                             Type                      Level
   a - Infusion                       Charms                       1
   b - Shroud of Golubria             Charms/Translocation         2
   c - Song of Slaying                Charms                       2
   d - Spectral Weapon                Hexes/Charms                 3
   e - Regeneration                   Charms/Necromancy            3
Comestibles
 d - 6 rations


   Skills:
 + Level 4.6 Dodging
 + Level 4.9 Stealth
 + Level 6.5 Spellcasting
 + Level 3.6 Conjurations
 + Level 3.5 Hexes
 - Level 2.7 Summonings
 - Level 2.7 Translocations
 + Level 2.5 Air Magic
 - Level 2.1 Poison Magic


You had 6 spell levels left.
You knew the following spells:

 Your Spells              Type           Power        Failure   Level  Hunger
a - Magic Dart            Conj           ####         1%          1    None
b - Call Imp              Summ           ###.....     3%          2    None
c - Blink                 Tloc           N/A          3%          2    None
d - Slow                  Hex            ####....     2%          2    None
e - Mephitic Cloud        Conj/Pois/Air  ###.....     7%          3    None
f - Conjure Flame         Conj/Fire      ###.....     10%         3    None


Dungeon Overview and Level Annotations

Branches:
Dungeon (6/15)
 Temple: D:4-7

Altars:
Ashenzari
Makhleb
Nemelex Xobeh
Qazlal
Trog

Shops:
D:4 =


Message History

You are too injured to fight recklessly!
You hit the orc priest but do no damage.
The orc priest is heavily wounded.
The orc priest barely misses you.
You hit the orc priest but do no damage.
The orc priest is heavily wounded.
The orc priest calls down the wrath of Beogh upon you.
Beogh smites you!
* * * LOW HITPOINT WARNING * * *
The orc priest hits you but does no damage.
Casting: Magic Dart
Confirm with . or Enter, or press ? or * to list all spells.
Aiming: Magic Dart
Press: ? - help, Shift-Dir - straight line, f/p - orc priest
Aim: an orc priest, wielding a dagger and wearing a chain mail (heavily wounded)
The magic dart hits the orc priest.
The orc priest is severely wounded.
The orc priest calls down the wrath of Beogh upon you.
Beogh smites you!
You die...

#.# #.# .
#.# 8. #.#
... #†# #.8(
#.# #... #.#
#.#.)#####.#
#.....(o@..#
############


You could see an orc priest.

Vanquished Creatures
  An ogre (D:4)
  An ice beast (D:5)
  A bullfrog zombie (D:5)
  2 bullfrog skeletons (D:4)
  A jelly (D:6)
  4 orc priests
  7 orc wizards
  Jessica (D:2)
  An iguana (D:5)
  3 worker ants (D:4)
  A hound skeleton (D:4)
  Robin (D:1)
  4 adders
  2 shadow imps
  An ooze (D:2)
  2 worms
  2 dart slugs (D:1)
  3 leopard geckos
  16 orcs
  4 giant cockroaches
  10 hobgoblins
  8 kobolds
  2 quokkas
  A ball python (D:1)
  10 bats
  A frilled lizard (D:2)
  14 goblins
  A jackal skeleton (D:5)
  A jackal zombie (D:5)
  13 rats
119 creatures vanquished.

Vanquished Creatures (collateral kills)
  A worker ant (D:4)
  A worm (D:3)
  A quokka (D:3)
3 creatures vanquished.

Grand Total: 122 creatures vanquished

Notes
Turn   | Place    | Note
-------+----------+-------------------------------------------
     0 | D:1      | Mefis the Deep Elf Wizard began the quest for the Orb.
     0 | D:1      | Reached XP level 1. HP: 10/10 MP: 7/7
   301 | D:1      | Reached XP level 2. HP: 15/15 MP: 7/9
   305 | D:1      | Learned a level 2 spell: Call Imp
   308 | D:1      | Learned a level 2 spell: Blink
   731 | D:1      | Reached skill level 5 in Spellcasting
  1058 | D:2      | Reached XP level 3. HP: 19/19 MP: 7/11
  1063 | D:2      | Learned a level 3 spell: Conjure Flame
  1067 | D:2      | Learned a level 3 spell: Mephitic Cloud
  1430 | D:2      | Noticed Robin
  1635 | D:1      | Killed Robin
  1964 | D:2      | Noticed Jessica
  1983 | D:2      | Killed Jessica
  1983 | D:2      | Reached XP level 4. HP: 24/24 MP: 1/13
  2226 | D:2      | Learned a level 2 spell: Slow
  3106 | D:3      | Reached skill level 1 in Hexes
  3106 | D:3      | Reached skill level 1 in Air Magic
  3106 | D:3      | Reached skill level 1 in Poison Magic
  3106 | D:3      | Reached XP level 5. HP: 17/28 MP: 1/14
  3676 | D:3      | Found a faded altar of an unknown god.
  4164 | D:4      | Found Item's Jewellery Emporium.
  4176 | D:4      | Noticed an ogre
  4187 | D:4      | Killed an ogre
  4187 | D:4      | Reached XP level 6. HP: 32/32 MP: 3/16
  5098 | D:4      | Reached XP level 7. HP: 36/36 MP: 7/17
  5283 | D:4      | Reached skill level 6 in Spellcasting
  5830 | D:5      | Entered Level 5 of the Dungeon
  6154 | D:5      | Found a sparkling altar of Nemelex Xobeh.
  6154 | D:5      | Found a bloodstained altar of Trog.
  6615 | D:5      | Found a stormy altar of Qazlal.
  6615 | D:5      | Found a burning altar of Makhleb.
  7072 | D:5      | Found a shattered altar of Ashenzari.
  7631 | D:6      | Killed from afar by an orc priest

Skill      XL: |  1  2  3  4  5  6  7 |
---------------+----------------------+-----
Spellcasting   | 5 6 |  6.5
Dodging        | 3 4 |  4.6
Stealth        | 3 4 |  4.9
Conjurations   | 2 3 |  3.6
Hexes          | 1 2 3 |  3.5
Translocations | 2 |  2.7
Air Magic      | 1 2 |  2.5
Poison Magic   | 1 2 |  2.1
Summonings     | 2 |  2.7

Action                   |  1- 3 |  4- 6 |  7- 9 || total
-------------------------+-------+-------+-------++-------
Melee: Spear             |    14 |    14 |    23 ||    51
 Cast: Magic Dart        |    80 |   173 |   112 ||   365
       Mephitic Cloud    |     4 |     4 |     2 ||    10
       Conjure Flame     |     1 |     6 |     3 ||    10
       Blink             |     1 |       |       ||     1
       Call Imp          |       |     6 |       ||     6
  Use: Scroll            |       |     1 |     1 ||     2
 Stab: Sleeping          |       |     3 |       ||     3
  Eat: Chunk             |     3 |     8 |     3 ||    14
       Ration            |       |       |     2 ||     2
Armor: Robe              |     1 |     9 |     5 ||    15
Dodge: Dodged            |    14 |    24 |    12 ||    50
